Map: Acropolis LE

Players

demuLarva - Winner!

  • Race: Terran Terran
  • League: Master
  • Spawn Location: 5:00

llllllllllll

  • Race: Protoss Protoss
  • League: Master
  • Spawn Location: 11:00

VOD

Have the link to the VOD?

Description

Time

  • Played on: May 23, 2019, 3:18 p.m.
  • Length: 23:33
Show
View Real Time Build Order
Export as new Build Order

demuLarva Terran - Winner!

Build Orders: Gas First Reaper Expand, Mech 

Get SALT Encoding   

  12  0:00  SCV  
  13  0:13  SCV  
  14  0:17  Supply Depot  
  14  0:25  SCV  
  14  0:28  Refinery  
  15  0:38  SCV  
  16  0:45  Barracks  
  16  0:50  SCV  
  17  1:02  SCV  
  18  1:15  SCV  
  19  1:32  Reaper, Orbital Command  
  20  1:41  Command Center  
  20  1:51  Factory  
  20  1:57  SCV  
  21  2:06  Supply Depot  
  21  2:07  Barracks Reactor  
  21  2:12  SCV  
  21  2:15  Refinery  
  22  2:24  SCV  
  23  2:36  SCV  
  24  2:43  Starport  
  24  2:48  SCV  
  24  2:50  Hellion x2  
  29  2:58  Barracks Tech Lab  
  28  2:59  Orbital Command  
  28  3:00  SCV  
  29  3:13  SCV  
  30  3:21  Cyclone, Marine  
  30  3:25  Viking, SCV  
  37  3:27  SCV  
  37  3:33  Supply Depot  
  38  3:37  SCV  
  38  3:40  SCV  
  42  3:49  SCV  
  42  3:54  Command Center, SCV  
  39  4:01  SCV  
  40  4:06  SCV  
  41  4:13  SCV  
  38  4:18  SCV  
  39  4:24  Bunker  
  39  4:25  SCV  
  39  4:27  Viking  
  39  4:28  Cyclone  
  39  4:30  SCV  
  46  4:35  Refinery  
  46  4:36  Refinery  
  46  4:37  SCV  
  47  4:42  SCV  
  46  4:49  Marine x2, SCV  
  49  4:54  SCV  
  50  5:00  Mag-Field Accelerator  
  50  5:01  SCV  
  50  5:06  SCV  
  52  5:13  Orbital Command, SCV  
  53  5:19  SCV  
  54  5:26  SCV  
  55  5:31  SCV  
  54  5:36  Marine x2  
  54  5:38  Cyclone, SCV  
  54  5:39  SCV  
  61  5:43  SCV  
  61  5:44  Factory  
  61  5:45  Factory  
  58  5:50  SCV  
  58  5:51  SCV  
  58  5:55  SCV  
  61  5:57  Armory  
  61  5:58  Armory  
  61  6:02  SCV  
  61  6:03  Engineering Bay  
  61  6:04  SCV  
  63  6:07  SCV  
  64  6:14  Marine x2, SCV  
  64  6:16  SCV  
  68  6:19  Factory, SCV  
  68  6:20  Factory, Supply Depot  
  68  6:21  Siege Tank  
  68  6:22  Supply Depot  
  68  6:24  Supply Depot  
  72  6:26  SCV  
  72  6:29  Factory Tech Lab  
  73  6:36  SCV  
  73  6:38  Factory Reactor  
  74  6:47  SCV  
  74  6:48  Terran Ship Weapons Level 1, Terran Vehicle And Ship Armor Level 1  
  74  6:52  Orbital Command  
  75  6:55  Siege Tank  
  75  6:58  Siege Tank  
  75  6:59  Marine x2  
  75  7:01  SCV  
  84  7:04  SCV  
  85  7:08  Bunker  
  85  7:10  Bunker  
  85  7:11  Missile Turret  
  85  7:13  SCV  
  86  7:16  SCV, Supply Depot  
  86  7:18  SCV, Supply Depot  
  86  7:19  Supply Depot  
  86  7:20  Factory Tech Lab  
  86  7:22  Refinery  
  88  7:25  SCV  
  88  7:27  Hellion x3  
  88  7:29  SCV  
  96  7:30  SCV  
  96  7:33  Refinery  
  97  7:37  SCV  
  97  7:41  SCV  
  97  7:43  SCV  
  100  7:45  Siege Tank x2  
  100  7:46  Infernal Pre-Igniter  
  100  7:49  SCV  
  107  7:53  SCV  
  107  7:55  Missile Turret, SCV  
  109  7:59  Missile Turret  
  109  8:01  SCV  
  109  8:02  Missile Turret  
  109  8:04  Siege Tank, Missile Turret  
  109  8:05  SCV  
  114  8:07  SCV  
  114  8:11  Command Center  
  115  8:15  Hi-Sec Auto Tracking  
  115  8:18  Cyclone, Missile Turret, Hellion  
  120  8:29  Hellion x2  
  120  8:34  Hellion  
  124  8:41  Cyclone  
  125  8:46  Supply Depot  
  125  8:47  Supply Depot  
  125  8:48  Hellion  
  125  8:57  Cyclone x2  
  125  9:00  Hellion  
  125  9:01  SCV  
  105  9:03  Hellion  
  105  9:07  Hellion  
  105  9:09  Hellion  
  97  9:10  SCV  
  97  9:13  Cyclone  
  96  9:22  Hellion  
  85  9:24  Hellion, Orbital Command, SCV x2  
  85  9:29  Cyclone x2  
  94  9:34  Hellion x2  
  94  9:36  SCV x2  
  100  9:42  Terran Vehicle And Ship Armor Level 2  
  100  9:44  Hellion  
  100  9:45  Cyclone  
  105  9:48  Bunker, SCV x2  
  105  9:50  Hellion  
  105  9:51  SCV  
  110  10:00  SCV  
  110  10:01  Cyclone, Siege Tank  
  110  10:03  Hellion  
  119  10:08  Hellion x2  
  125  10:14  Hellion  
  125  10:16  Refinery  
  118  10:23  Cyclone  
  118  10:24  Hellion, SCV  
  122  10:32  Hellion  
  122  10:33  Cyclone  
  122  10:35  Cyclone, Hellion  
  108  10:39  Hellion  
  92  10:45  Hellion, SCV x2  
  81  10:54  Hellion  
  81  10:55  Cyclone  
  86  10:57  SCV  
  86  10:58  SCV  
  86  10:59  Hellion  
  86  11:00  Terran Vehicle Weapons Level 1  
  90  11:05  Cyclone  
  90  11:07  Cyclone  
  90  11:09  Hellion x2, SCV  
  101  11:17  Hellion  
  99  11:21  Hellion  
  101  11:29  Siege Tank  
  104  11:38  Siege Tank  
  103  11:41  Orbital Command  
  103  11:45  Siege Tank, Hellion  
  106  11:58  Hellion x3  
  112  12:02  Siege Tank  
  112  12:03  SCV  
  116  12:12  Siege Tank  
  119  12:20  Siege Tank  
  122  12:26  Supply Depot  
  122  12:27  Supply Depot  
  122  12:38  Siege Tank, Hellion x2  
  122  12:42  Planetary Fortress  
  129  12:48  Siege Tank  
  132  12:54  Refinery  
  132  12:55  Refinery  
  132  12:59  Siege Tank  
  132  13:05  Supply Depot  
  135  13:06  Supply Depot  
  135  13:07  Supply Depot  
  115  13:16  Siege Tank  
  115  13:17  Hellion  
  103  13:20  Cyclone, Hellion  
  103  13:21  SCV  
  103  13:22  Hellion  
  107  13:27  SCV  
  107  13:28  SCV x2  
  107  13:33  Cyclone  
  107  13:34  Hellion  
  115  13:35  SCV  
  115  13:39  SCV  
  115  13:40  SCV  
  118  13:44  Hellion x2  
  118  13:46  Hellion  
  118  13:48  Terran Vehicle And Ship Armor Level 3  
  124  13:51  Terran Vehicle Weapons Level 2  
  124  14:00  Supply Depot  
  124  14:04  Cyclone x2  
  124  14:05  Hellion  
  132  14:14  Hellion x2, Orbital Command  
  132  14:15  Hellion  
  138  14:25  Hellion  
  138  14:27  Hellion  
  136  14:31  Starport  
  136  14:33  Starport  
  134  14:42  Missile Turret  
  130  14:47  Missile Turret  
  130  14:58  SCV  
  130  14:59  SCV x2  
  133  15:02  Missile Turret  
  133  15:05  SCV  
  134  15:14  Supply Depot x2  
  134  15:15  Starport Tech Lab x3  
  134  15:16  Fusion Core  
  134  15:17  Supply Depot  
  134  15:19  Refinery  
  134  15:20  Refinery  
  134  15:21  Missile Turret  
  134  15:33  Sensor Tower, SCV x2  
  134  15:34  SCV  
  134  15:44  Hellion x8  
  134  15:58  Hellion x2  
  134  15:59  Hellion  
  140  16:07  Terran Ship Weapons Level 2  
  140  16:08  Battlecruiser  
  146  16:19  Hellion x4  
  146  16:21  Weapon Refit  
  146  16:24  Starport  
  154  16:32  Terran Vehicle Weapons Level 3  
  152  16:42  Smart Servos  
  146  16:58  Battlecruiser x2  
  150  17:01  Hellion x2  
  150  17:02  Hellion x3  
  150  17:05  Starport Tech Lab  
  160  17:10  Command Center  
  166  17:15  Battlecruiser  
  166  17:21  Hellion x2  
  170  17:23  Hellion  
  166  17:33  Hellion x2  
  162  17:40  Missile Turret  
  162  17:43  Missile Turret  
  162  17:48  Battlecruiser  
  168  17:53  Hellion x3  
  168  17:54  Hellion  
  176  18:12  Battlecruiser  
  176  18:23  Battlecruiser  
  174  18:28  Battlecruiser  
  178  18:52  Battlecruiser  
  179  19:04  Terran Ship Weapons Level 3  
  176  19:16  Battlecruiser  
  178  19:28  Missile Turret, Battlecruiser  
  184  19:39  Battlecruiser  
  188  19:48  Planetary Fortress  
  170  20:04  SCV x4  
  166  20:12  Missile Turret  
  166  20:16  SCV x3  
  134  20:34  Battlecruiser  
  112  20:50  Battlecruiser  
  118  21:05  Battlecruiser  
  118  21:25  Refinery x2  
  118  21:26  Orbital Command  
  118  21:41  Hellion x2  
  118  21:42  Hellion  
  124  21:52  Battlecruiser  
  130  21:58  Hellion  
  132  22:02  Hellion  
  134  22:12  Hellion x2  
  138  22:19  Hellion  
  140  22:26  SCV x2  
  140  22:27  SCV  
  143  22:31  Hellion  
Show
View Real Time Build Order
Export as new Build Order

llllllllllll Protoss 

Build Orders: 1 Gate Expand, Oracle Opening, Zealot Archon, Colossus Rush 

Get SALT Encoding   

  12  0:00  Probe  
  13  0:13  Probe  
  14  0:17  Pylon  
  14  0:25  Probe  
  15  0:33  Probe  
  15  0:37  Gateway  
  15  0:41  Probe  
  16  0:47  Assimilator  
  17  0:51  Probe  
  18  1:03  Probe  
  19  1:15  Probe  
  20  1:22  Nexus  
  20  1:31  Cybernetics Core  
  20  1:34  Probe  
  20  1:39  Assimilator  
  21  1:47  Probe  
  22  1:49  Pylon  
  22  1:59  Adept  
  22  2:01  Probe  
  23  2:13  Stargate  
  23  2:15  Probe  
  26  2:21  Warp Gate  
  26  2:22  Adept  
  26  2:27  Probe  
  29  2:35  Probe  
  30  2:41  Probe  
  31  2:47  Probe  
  31  2:48  Adept  
  31  2:50  Oracle  
  32  2:56  Probe  
  35  3:00  Probe  
  35  3:05  Pylon  
  39  3:08  Probe  
  40  3:13  Probe  
  41  3:20  Probe  
  41  3:22  Oracle  
  41  3:25  Probe  
  43  3:29  Gateway  
  43  3:30  Gateway  
  43  3:33  Probe  
  47  3:40  Probe  
  48  3:45  Probe  
  48  3:47  Shield Battery  
  49  3:52  Probe  
  50  3:57  Probe  
  49  4:04  Probe  
  49  4:09  Probe  
  51  4:16  Probe  
  50  4:18  Nexus  
  50  4:20  Assimilator, Pylon  
  50  4:21  Probe  
  50  4:22  Assimilator  
  51  4:26  Twilight Council  
  51  4:27  Forge  
  51  4:32  Sentry  
  51  4:33  Probe  
  51  4:38  Probe  
  55  4:45  Probe, Sentry x2  
  58  4:46  Charge  
  58  4:50  Probe  
  58  4:52  Pylon  
  61  4:57  Probe  
  62  5:05  Pylon  
  62  5:07  Protoss Ground Armor Level 1  
  62  5:10  Probe x2  
  62  5:12  Gateway x2  
  64  5:19  Zealot  
  64  5:20  Stalker  
  65  5:21  Stalker  
  65  5:22  Probe  
  65  5:27  Probe  
  67  5:31  Probe  
  67  5:34  Colossus, Probe  
  69  5:38  Gateway  
  69  5:39  Gateway  
  69  5:43  Probe  
  69  5:46  Probe  
  69  5:49  Probe  
  72  5:55  Gateway  
  72  5:57  Gateway  
  72  5:59  Probe x2  
  74  6:04  Blink  
  74  6:06  Phoenix  
  74  6:08  Probe  
  72  6:12  Probe  
  72  6:14  Stalker x4  
  72  6:16  Probe  
  79  6:19  Robotics Facility  
  79  6:20  Probe  
  80  6:26  Probe  
  80  6:28  Probe, Pylon  
  83  6:41  Zealot x5  
  83  6:45  Probe  
  83  6:46  Pylon  
  93  6:48  Zealot  
  93  6:50  Probe  
  96  6:56  Warp Prism, Stalker x2, Protoss Ground Weapons Level 1  
  100  7:05  Pylon  
  100  7:06  Pylon  
  102  7:10  Pylon x2  
  102  7:14  Templar Archives  
  102  7:19  Zealot x3  
  102  7:22  Warp Prism  
  108  7:23  Zealot x3  
  108  7:25  Zealot  
  108  7:27  Zealot  
  120  7:40  Zealot x3  
  126  7:46  Pylon  
  126  7:51  Assimilator  
  126  7:52  Assimilator, High Templar x2  
  126  7:53  High Templar x2  
  126  7:56  Archon  
  126  7:57  Archon  
  126  7:58  Zealot  
  136  8:01  Zealot x2  
  140  8:11  Pylon  
  140  8:18  Pylon  
  140  8:21  Zealot x3  
  135  8:40  High Templar x2  
  135  8:41  Zealot x6  
  131  8:43  Probe x3  
  131  8:45  Archon  
  138  8:55  Probe x2  
  138  8:56  Warp Prism  
  118  9:04  Probe  
  118  9:06  Zealot x6  
  118  9:07  Probe x2  
  107  9:16  Probe  
  98  9:19  Probe x2  
  98  9:21  High Templar x2, Immortal  
  92  9:28  Probe  
  92  9:29  Stalker x6  
  92  9:30  Archon  
  103  9:47  Probe  
  103  9:52  High Templar x2  
  108  9:53  Zealot, High Templar x2  
  108  9:54  Zealot x3  
  108  9:57  Archon  
  108  9:58  Archon  
  120  10:08  Pylon  
  120  10:20  Stalker x5  
  112  10:24  Stalker  
  112  10:25  Stalker x2  
  90  10:44  Stalker x5  
  90  10:49  Stalker x3  
  79  11:07  Stalker x4  
  79  11:09  Nexus, Sentry  
  88  11:29  Stalker, High Templar  
  88  11:30  High Templar  
  88  11:32  Zealot x5  
  104  11:33  Warp Prism  
  104  11:40  Probe x2  
  104  11:43  Archon  
  108  11:47  Probe  
  108  11:52  High Templar x2  
  108  11:53  Zealot x4, Protoss Ground Weapons Level 2  
  121  11:57  Probe  
  121  11:58  Archon  
  122  12:25  Zealot x8  
  122  12:28  Probe x2  
  140  12:45  High Templar  
  140  12:46  High Templar x3  
  140  12:47  High Templar x2  
  140  12:48  Zealot x2  
  140  12:50  Probe x2, Archon  
  158  12:52  Archon x2  
  158  12:53  Archon  
  158  12:54  Probe x2  
  158  12:55  Assimilator  
  158  12:56  Assimilator, Pylon  
  158  12:57  Dark Shrine  
  160  13:08  Probe x3  
  160  13:10  Probe  
  134  13:12  Stalker  
  134  13:13  Stalker  
  86  13:29  Stalker x6  
  86  13:32  Gateway  
  94  13:34  Gateway  
  94  13:37  Stalker x2  
  98  13:55  Zealot x5  
  98  13:56  Zealot  
  110  14:10  Nexus  
  110  14:15  Dark Templar  
  111  14:18  High Templar  
  111  14:19  High Templar  
  111  14:20  High Templar x4  
  111  14:21  Zealot  
  125  14:24  Archon x3  
  125  14:33  Zealot  
  125  14:34  Zealot  
  125  14:35  Probe  
  125  14:36  Probe x3  
  120  14:48  Probe x3  
  120  14:49  Probe, High Templar x2  
  120  14:50  Protoss Ground Armor Level 2  
  128  14:57  Gateway  
  128  15:00  Gateway, Probe  
  128  15:02  Gateway  
  128  15:04  Zealot x6, High Templar x2  
  128  15:06  Warp Prism  
  147  15:08  Archon x2  
  147  15:12  Probe x2  
  149  15:21  Dark Templar x2  
  149  15:25  Zealot x6  
  165  15:37  Archon  
  163  15:51  High Templar x4  
  163  15:55  High Templar x2  
  163  15:56  Zealot x7  
  185  15:57  Archon x2  
  185  16:01  Archon  
  185  16:02  Probe x4  
  189  16:04  Assimilator  
  189  16:08  Assimilator  
  189  16:11  Pylon  
  189  16:16  Forge  
  189  16:17  Shadow Stride  
  189  16:25  Dark Templar x4  
  197  16:30  Probe  
  198  16:35  Zealot  
  198  16:37  Zealot  
  192  16:40  Probe  
  192  16:45  Stalker x6  
  199  16:53  Probe x2  
  193  16:56  Probe  
  193  16:57  Probe  
  193  17:01  Probe  
  196  17:05  Dark Templar  
  196  17:07  Dark Templar  
  200  17:11  Archon  
  200  17:26  Probe x2  
  198  17:32  Stalker  
  200  17:48  Nexus  
  200  17:56  Photon Cannon  
  200  17:58  Photon Cannon  
  200  18:00  Photon Cannon  
  200  18:02  Photon Cannon  
  200  18:03  Photon Cannon  
  196  18:15  Stalker x2  
  200  18:23  Probe  
  200  18:26  Probe x3  
  197  18:36  Probe x2  
  199  18:45  Gateway  
  199  18:47  Gateway  
  199  18:56  Gateway  
  199  18:58  Gateway  
  199  19:00  Gateway  
  199  19:02  Gateway  
  199  19:03  Gateway  
  199  19:06  Gateway  
  197  19:17  Protoss Ground Armor Level 3  
  193  19:43  Dark Templar x2  
  197  19:47  Dark Templar  
  191  20:05  Stalker x10  
  195  20:11  Pylon  
  195  20:13  Stalker x3  
  199  20:14  Pylon  
  191  20:27  Stalker x5  
  152  20:42  Stalker x2  
  130  20:43  Stalker  
  126  20:51  Stalker x5  
  136  21:04  Pylon  
  136  21:06  Stalker x3  
  136  21:10  Pylon  
  123  21:13  Stalker, Pylon  
  123  21:16  Stalker x4  
  122  21:28  Stalker x3  
  126  21:35  Stalker x2  
  126  21:38  High Templar  
  126  21:39  High Templar x2  
  130  21:40  High Templar x2  
  130  21:41  High Templar  
  130  21:42  Stalker x2  
  130  21:45  Archon x3  
  140  21:49  Stalker  
  140  21:51  Stalker  
  144  21:58  Stalker  
  146  22:05  Stalker  
  148  22:13  Stalker  
  149  22:26  Stalker x2  
Tags
 
Add a new tag
Caveats
  • Supply blocks, unpowered buildings, or Contaminate may cause inaccurate times.
  • Supply counts are checked every 10 seconds.